[Event "GambitGuide"]
[Site "Internet Chess Club"]
[Date "2014.10.31"]
[Round "1"]
[White "JSBach"]
[Black "diggy10"]
[Result "1-0"]
[ICCResult "Black resigns"]
[WhiteElo "1723"]
[BlackElo "1244"]
[Opening "Vienna: `Frankenstein-Dracula' variation"]
[ECO "C27"]
[NIC "VG.02"]
[Time "17:06:30"]
[TimeControl "120+12"]

1. e4 e5 2. Nc3 Nf6 3. Bc4 Nxe4 4. Qh5 Nd6 5. Bb3 Nc6 6. Nb5 g6 7. Qf3 f5 8.
Qd5 Qe7 9. Nxc7+ Kd8 10. Nxa8 b6 11. d3 Bb7 12. Nxb6 axb6 13. Qf3 Nd4 14.
Qh3 h6 15. Be3 Ne6 16. Bxb6+ Ke8 17. Nf3 Ng5 18. Nxg5 Qxg5 19. O-O Bc6 20.
Rfe1 Bg7 21. d4 e4 22. Bc5 Nb7 23. Qc3 Nxc5 24. Qxc5 Bf8 25. Qe5+ Be7 26.
Qxh8+ Bf8 27. Qg8 d5 28. Qe6+ Be7 29. Qxc6+ Kf7 30. Bxd5+ Kg7 31. c4
{Black resigns}
1-0

[Event "GambitGuide"]
[Site "Internet Chess Club"]
[Date "2014.10.31"]
[Round "1"]
[White "JSBach"]
[Black "parrot9"]
[Result "1-0"]
[ICCResult "Black resigns"]
[WhiteElo "1723"]
[BlackElo "1372"]
[Opening "Vienna: `Frankenstein-Dracula' variation"]
[ECO "C27"]
[NIC "VG.02"]
[Time "17:08:42"]
[TimeControl "120+12"]

1. e4 e5 2. Nc3 Nf6 3. Bc4 Nxe4 4. Qh5 Nd6 5. Bb3 Nc6 6. Nb5 g6 7. Qf3 f5 8.
Qd5 Qe7 9. Nxc7+ Kd8 10. Nxa8 b6 11. d3 Bb7 12. Nxb6 axb6 13. Qf3 Bg7 14.
Qg3 e4 15. Bg5 Bf6 16. Bxf6 Qxf6 17. Rd1 exd3 18. Qxd3 Re8+ 19. Ne2
{Black resigns}
1-0

[Event "GambitGuide"]
[Site "Internet Chess Club"]
[Date "2014.10.31"]
[Round "1"]
[White "JSBach"]
[Black "luckypawns"]
[Result "0-1"]
[ICCResult "White checkmated"]
[WhiteElo "1723"]
[BlackElo "1815"]
[Opening "Vienna: `Frankenstein-Dracula' variation"]
[ECO "C27"]
[NIC "VG.02"]
[Time "17:08:36"]
[TimeControl "120+12"]

1. e4 e5 2. Nc3 Nf6 3. Bc4 Nxe4 4. Qh5 Nd6 5. Bb3 Nc6 6. Nb5 g6 7. Qf3 f5 8.
Qd5 Qe7 9. Nxc7+ Kd8 10. Nxa8 b6 11. d3 Bb7 12. Nxb6 axb6 13. Qf3 Nd4 14.
Qg3 Bg7 15. Bg5 Bf6 16. Bxf6 Qxf6 17. Ba4 b5 18. Bb3 h5 19. Qh3 g5 20. c3 f4
21. cxd4 g4 22. Rc1 gxh3 23. Nxh3 Bxg2 24. Rg1 Bxh3 25. d5 Re8 26. a3 e4 27.
d4 Qxd4 28. Rc2 e3 29. f3 Bf5 30. Re2 Nc4 31. Rg5 Bd3 32. Reg2 Nxb2 33. Rc2
Bc4 34. Re2 Bxb3 35. Kf1 Qd1+ 36. Re1 e2+ 37. Kg2 Qxe1 38. h3 Qf1+ 39. Kh2
e1=Q 40. Rg2 Qh1# {White checkmated} 0-1

[Event "GambitGuide"]
[Site "Internet Chess Club"]
[Date "2014.10.31"]
[Round "1"]
[White "JSBach"]
[Black "nsideurheadbro"]
[Result "1-0"]
[ICCResult "Black resigns"]
[WhiteElo "1723"]
[BlackElo "1184"]
[Opening "Vienna: `Frankenstein-Dracula' variation"]
[ECO "C27"]
[NIC "VG.02"]
[Time "17:07:27"]
[TimeControl "120+12"]

1. e4 e5 2. Nc3 Nf6 3. Bc4 Nxe4 4. Qh5 Nd6 5. Bb3 Nc6 6. Nb5 g6 7. Qf3 f5 8.
Qd5 Qe7 9. Nxc7+ Kd8 10. Nxa8 b6 11. d3 Bb7 12. Nxb6 axb6 13. Qf3 Nd4 14.
Qh3 f4 15. Ba4 g5 16. c3 N4f5 17. Nf3 h5 18. g4 e4 19. Kd1 exf3 20. Re1 Qf6
21. gxf5 g4 22. Qf1 Qxf5 23. c4 Bg7 24. Bd2 Bd4 25. Bb4 Nf7 26. Re7 h4 27.
Rxd7+ Qxd7 28. Bxd7 Kxd7 29. Kc2 g3 30. Qh3+ Kc7 31. Qf5 Nh6 32. Qxf4+ Be5
33. Qxe5+ {Black resigns} 1-0

[Event "GambitGuide"]
[Site "Internet Chess Club"]
[Date "2014.10.31"]
[Round "1"]
[White "JSBach"]
[Black "luckypawns"]
[Result "0-1"]
[ICCResult "White checkmated"]
[WhiteElo "1723"]
[BlackElo "1815"]
[Opening "Vienna: `Frankenstein-Dracula' variation"]
[ECO "C27"]
[NIC "VG.02"]
[Time "17:10:20"]
[TimeControl "120+12"]

1. e4 e5 2. Nc3 Nf6 3. Bc4 Nxe4 4. Qh5 Nd6 5. Bb3 Nc6 6. Nb5 g6 7. Qf3 f5 8.
Qd5 Qe7 9. Nxc7+ Kd8 10. Nxa8 b6 11. d3 Bb7 12. Nxb6 axb6 13. Qf3 Nd4 14.
Qg3 Bg7 15. Bg5 Bf6 16. Bxf6 Qxf6 17. Ba4 b5 18. Bb3 h5 19. c3 g5 20. cxd4
f4 21. Qh3 g4 22. Rc1 gxh3 23. Nxh3 Bxg2 24. Rg1 Bxh3 25. d5 Re8 26. a4 e4
27. d4 Qxd4 28. Rc3 e3 29. fxe3 fxe3 30. Rc2 Ne4 31. Ke2 Rf8 32. axb5 Rf2+
33. Ke1 Rxc2 34. Rg8+ Ke7 35. Rg7+ Kf6 36. Rf7+ Kxf7 37. d6+ Ke8 38. Bf7+
Kxf7 39. b6 Qd2# {White checkmated} 0-1

[Event "GambitGuide"]
[Site "Internet Chess Club"]
[Date "2014.10.31"]
[Round "1"]
[White "JSBach"]
[Black "Joennyxan"]
[Result "1-0"]
[ICCResult "Black resigns"]
[WhiteElo "1723"]
[BlackElo "843"]
[Opening "Vienna: `Frankenstein-Dracula' variation"]
[ECO "C27"]
[NIC "VG.02"]
[Time "15:32:47"]
[TimeControl "120+12"]

1. e4 e5 2. Nc3 Nf6 3. Bc4 Nxe4 4. Qh5 Nd6 5. Bb3 Nc6 6. Nb5 g6 7. Qf3 f5 8.
Qd5 Qe7 9. Nxc7+ Kd8 10. Nxa8 b6 11. d3 Bg7 12. h4 Bf6 13. Bg5 Bxg5 14. hxg5
Bb7 15. Nxb6 axb6 16. Rc1 Nb4 17. Rxh7 Rxh7 18. Qg8+ Ne8 19. Qxg6 Bxg2 20.
Qxb6+ Kc8 21. g6 {Black resigns} 1-0

[Event "GambitGuide"]
[Site "Internet Chess Club"]
[Date "2014.10.31"]
[Round "1"]
[White "JSBach"]
[Black "Grand-Galop"]
[Result "1-0"]
[ICCResult "Black resigns"]
[WhiteElo "1723"]
[BlackElo "1353"]
[Opening "Vienna: `Frankenstein-Dracula' variation"]
[ECO "C27"]
[NIC "VG.02"]
[Time "17:09:16"]
[TimeControl "120+12"]

1. e4 e5 2. Nc3 Nf6 3. Bc4 Nxe4 4. Qh5 Nd6 5. Bb3 Nc6 6. Nb5 g6 7. Qf3 f5 8.
Qd5 Qe7 9. Nxc7+ Kd8 10. Nxa8 b6 11. d3 Nb4 12. Bg5 Nxd5 13. Bxe7+ Bxe7 14.
Bxd5 Bb7 15. Bxb7 Nxb7 16. Nf3 Bd6 17. d4 e4 18. Ne5 Bxe5 19. dxe5 Kc8 20.
O-O-O Kb8 21. Nxb6 axb6 22. Rxd7 Rd8 23. Rxh7 Kc8 24. Rg7 Rd5 25. Rxg6 Rxe5
26. Rxb6 e3 27. fxe3 Rxe3 28. Kd2 Re5 29. c4 Na5 30. b3 Re7 31. Rb5 Rd7+ 32.
Kc3 Ra7 33. Rxf5 Nc6 34. a4 Ne7 35. Rf6 Rd7 36. g4 Kc7 37. h4 Ng8 38. Rf8
Ne7 39. a5 Nc6 40. b4 Ne5 41. g5 Ng4 42. c5 Ne3 43. g6 Nd5+ 44. Kc4 Ne7 45.
g7 Rd8 46. a6 Ng8 47. Rxd8 Kxd8 48. a7 {Black resigns} 1-0

[Event "GambitGuide"]
[Site "Internet Chess Club"]
[Date "2014.10.31"]
[Round "1"]
[White "JSBach"]
[Black "luckypawns"]
[Result "0-1"]
[ICCResult "White checkmated"]
[WhiteElo "1723"]
[BlackElo "1815"]
[Opening "Vienna: `Frankenstein-Dracula' variation"]
[ECO "C27"]
[NIC "VG.02"]
[Time "17:11:33"]
[TimeControl "120+12"]

1. e4 e5 2. Nc3 Nf6 3. Bc4 Nxe4 4. Qh5 Nd6 5. Bb3 Nc6 6. Nb5 g6 7. Qf3 f5 8.
Qd5 Qe7 9. Nxc7+ Kd8 10. Nxa8 b6 11. d3 Bb7 12. Nxb6 axb6 13. Qf3 Nd4 14.
Qg3 Bg7 15. Bg5 Bf6 16. Bxf6 Qxf6 17. Ba4 b5 18. Bb3 h5 19. c3 g5 20. cxd4
f4 21. Qh3 g4 22. Qxg4 hxg4 23. Kf1 exd4 24. Rc1 Re8 25. f3 gxf3 26. Nxf3
Bxf3 27. gxf3 Qh4 28. Bd5 Nf5 29. Kg1 Ne3 30. Be6 dxe6 31. Rc8+ Kxc8 32. b3
Rg8# {White checkmated} 0-1

[Event "GambitGuide"]
[Site "Internet Chess Club"]
[Date "2014.10.31"]
[Round "1"]
[White "JSBach"]
[Black "BorrowedTime"]
[Result "1-0"]
[ICCResult "Black resigns"]
[WhiteElo "1723"]
[BlackElo "1400"]
[Opening "Vienna: `Frankenstein-Dracula' variation"]
[ECO "C27"]
[NIC "VG.02"]
[Time "17:08:21"]
[TimeControl "120+12"]

1. e4 e5 2. Nc3 Nf6 3. Bc4 Nxe4 4. Qh5 Nd6 5. Bb3 Nc6 6. Nb5 g6 7. Qf3 f5 8.
Qd5 Qe7 9. Nxc7+ Kd8 10. Nxa8 b6 11. d3 Bb7 12. Nxb6 axb6 13. Qf3 e4 14. Qe3
Kc7 15. d4 Na5 16. Qc3+ Bc6 17. Bf4 Bg7 18. Rc1 g5 19. Be5 Bxe5 20. dxe5 Nb5
21. Qe3 Qxe5 22. Nf3 Qxb2 23. Nxg5 Qf6 24. Qf4+ Kb7 25. Rd1 Nd4 26. Rd2 Re8
27. Nxh7 Qg6 28. Rxd4 Qxh7 29. Qd6 Re6 30. Bxe6 dxe6 31. O-O Qg7 32. Rfd1
Ka6 33. Qxe6 {Black resigns} 1-0

[Event "GambitGuide"]
[Site "Internet Chess Club"]
[Date "2014.10.31"]
[Round "1"]
[White "JSBach"]
[Black "Lucas"]
[Result "1-0"]
[ICCResult "Black resigns"]
[WhiteElo "1723"]
[BlackElo "2373"]
[Opening "Vienna: `Frankenstein-Dracula' variation"]
[ECO "C27"]
[NIC "VG.02"]
[Time "17:11:58"]
[TimeControl "120+12"]

1. e4 e5 2. Nc3 Nf6 3. Bc4 Nxe4 4. Qh5 Nd6 5. Bb3 Nc6 6. Nb5 g6 7. Qf3 f5 8.
Qd5 Qe7 9. Nxc7+ Kd8 10. Nxa8 b6 11. d3 Bb7 12. Nxb6 axb6 13. Qf3 h5 14. Qg3
f4 15. Qxg6 Nd4 16. Bd2 Rh6 17. Qg8 Qg7 18. Qxg7 Bxg7 19. f3 N6f5 20. Kf2
Nxb3 21. axb3 Nd4 22. Rc1 Bf8 23. b4 Rc6 24. c3 Nb3 25. Rd1 Nxd2 26. Rxd2 d5
27. d4 e4 28. fxe4 dxe4 29. Re2 Rg6 30. b5 e3+ 31. Kf1 h4 32. c4 h3 33. Nxh3
f3 34. gxf3 Bxf3 35. Nf4 Rf6 36. Rg1 Bxe2+ 37. Kxe2 Rxf4 38. Kxe3 Rf7 39. h4
Bh6+ 40. Kd3 Kd7 41. d5 Bg7 42. Rg6 Kc7 43. b3 Be5 44. h5 Bd6 45. h6 Kd7 46.
Rg7 Ke7 47. h7 Rxg7 48. h8=Q Rg3+ 49. Kc2 {Black resigns} 1-0

[Event "GambitGuide"]
[Site "Internet Chess Club"]
[Date "2014.10.31"]
[Round "1"]
[White "JSBach"]
[Black "yadav"]
[Result "1-0"]
[ICCResult "Black resigns"]
[WhiteElo "1723"]
[BlackElo "963"]
[Opening "Vienna: `Frankenstein-Dracula' variation"]
[ECO "C27"]
[NIC "VG.02"]
[Time "17:12:46"]
[TimeControl "120+12"]

1. e4 e5 2. Nc3 Nf6 3. Bc4 Nxe4 4. Qh5 Nd6 5. Bb3 Nc6 6. Nb5 g6 7. Qf3 f5 8.
Qd5 Qe7 9. Nxc7+ Kd8 10. Nxa8 b6 11. d3 Bb7 12. Nxb6 axb6 13. Qf3 Nd4 14.
Qh3 h5 15. Be3 g5 16. Bxd4 g4 17. Bxb6+ Kc8 18. Qe3 {Black resigns} 1-0

[Event "GambitGuide"]
[Site "Internet Chess Club"]
[Date "2014.10.31"]
[Round "1"]
[White "JSBach"]
[Black "luckypawns"]
[Result "0-1"]
[ICCResult "White checkmated"]
[WhiteElo "1703"]
[BlackElo "1815"]
[Opening "Vienna: `Frankenstein-Dracula' variation"]
[ECO "C27"]
[NIC "VG.02"]
[Time "17:12:23"]
[TimeControl "120+12"]

1. e4 e5 2. Nc3 Nf6 3. Bc4 Nxe4 4. Qh5 Nd6 5. Bb3 Nc6 6. Nb5 g6 7. Qf3 f5 8.
Qd5 Qe7 9. Nxc7+ Kd8 10. Nxa8 b6 11. d3 Bb7 12. Nxb6 axb6 13. Qf3 Nd4 14.
Qg3 Bg7 15. Bg5 Bf6 16. Bxf6 Qxf6 17. Ba4 b5 18. Bb3 h5 19. Qh3 g5 20. c3 f4
21. cxd4 g4 22. Rc1 gxh3 23. Nxh3 Bxg2 24. Rg1 Bxh3 25. d5 Re8 26. Rc2 e4
27. dxe4 Rxe4+ 28. Kd2 Nc4+ 29. Bxc4 bxc4 30. Rg8+ Ke7 31. Kc1 Re1+ 32. Kd2
Rf1 33. Rxc4 Rxf2+ 34. Kd1 Bg4+ 35. Ke1 Re2+ 36. Kf1 Qxb2 37. d6+ Kf7 38.
Rxg4 hxg4 39. Rxf4+ Kg6 40. Rxg4+ Kh5 41. Rg7 Rf2+ 42. Kg1 Rf6 43. Rh7+ Rh6
44. Rxh6+ Kxh6 45. a4 Qb4 46. h3 Qxd6 47. h4 Qb4 48. Kg2 Qxa4 49. Kf3 Qxh4
50. Ke3 Qc4 51. Kd2 d5 52. Kd1 d4 53. Ke1 d3 54. Kd2 Qc2+ 55. Ke3 d2 56. Kf4
d1=Q 57. Ke5 Qc5+ 58. Ke4 Qdd4+ 59. Kf3 Qcc3+ 60. Ke2 Qdd2+ 61. Kf1 Qcc1#
{White checkmated}
0-1

[Event "GambitGuide"]
[Site "Internet Chess Club"]
[Date "2014.10.31"]
[Round "1"]
[White "JSBach"]
[Black "luckypawns"]
[Result "0-1"]
[ICCResult "White checkmated"]
[WhiteElo "1703"]
[BlackElo "1815"]
[Opening "Vienna: `Frankenstein-Dracula' variation"]
[ECO "C27"]
[NIC "VG.02"]
[Time "17:14:20"]
[TimeControl "120+12"]

1. e4 e5 2. Nc3 Nf6 3. Bc4 Nxe4 4. Qh5 Nd6 5. Bb3 Nc6 6. Nb5 g6 7. Qf3 f5 8.
Qd5 Qe7 9. Nxc7+ Kd8 10. Nxa8 b6 11. d3 Bb7 12. Nxb6 axb6 13. Qf3 Nd4 14.
Qg3 Bg7 15. Bg5 Bf6 16. Bxf6 Qxf6 17. Ba4 b5 18. Bb3 h5 19. Qh3 g5 20. c3 f4
21. cxd4 g4 22. Rc1 gxh3 23. Nxh3 Bxg2 24. Rg1 Bxh3 25. d5 Re8 26. a4 e4 27.
d4 Bg4 28. a5 e3 29. Rg2 Qxd4 30. f3 Bxf3 31. Rgc2 Rg8 32. Bc4 bxc4 33. Kf1
e2+ 34. Ke1 Rg1# {White checkmated} 0-1

[Event "GambitGuide"]
[Site "Internet Chess Club"]
[Date "2014.10.31"]
[Round "1"]
[White "JSBach"]
[Black "babapooja"]
[Result "1-0"]
[ICCResult "Black checkmated"]
[WhiteElo "1703"]
[BlackElo "1037"]
[Opening "Vienna: `Frankenstein-Dracula' variation"]
[ECO "C27"]
[NIC "VG.02"]
[Time "17:12:00"]
[TimeControl "120+12"]

1. e4 e5 2. Nc3 Nf6 3. Bc4 Nxe4 4. Qh5 Nd6 5. Bb3 Nc6 6. Nb5 g6 7. Qf3 f5 8.
Qd5 Qe7 9. Nxc7+ Kd8 10. Nxa8 b6 11. d3 Bb7 12. Nxb6 axb6 13. Qf3 Bg7 14.
Be3 Kc7 15. Bd5 f4 16. Bxb6+ Kxb6 17. c3 Rb8 18. Ne2 Kc7 19. O-O g5 20. Rae1
Nd8 21. Bxb7 Rxb7 22. b4 N8f7 23. d4 e4 24. Qh3 h6 25. a4 Nc4 26. Qf5 Qe6
27. Qc5+ Kd8 28. d5 Qa6 29. Nxf4 gxf4 30. b5 Qxa4 31. Rxe4 Nd2 32. Rxa4 Nxf1
33. Ra8+ Rb8 34. Rxb8# {Black checkmated} 1-0

[Event "GambitGuide"]
[Site "Internet Chess Club"]
[Date "2014.10.31"]
[Round "1"]
[White "JSBach"]
[Black "nsideurheadbro"]
[Result "0-1"]
[ICCResult "White checkmated"]
[WhiteElo "1703"]
[BlackElo "1184"]
[Opening "Vienna: `Frankenstein-Dracula' variation"]
[ECO "C27"]
[NIC "VG.02"]
[Time "17:11:53"]
[TimeControl "120+12"]

1. e4 e5 2. Nc3 Nf6 3. Bc4 Nxe4 4. Qh5 Nd6 5. Bb3 Nc6 6. Nb5 g6 7. Qf3 f5 8.
Qd5 Qe7 9. Nxc7+ Kd8 10. Nxa8 b6 11. d3 Bb7 12. Nxb6 axb6 13. Qf3 Nd4 14.
Qg3 f4 15. Qg4 g5 16. Bd2 h5 17. Qd1 Bxg2 18. Bd5 Bxd5 19. f3 g4 20. Qc1
Nxf3+ 21. Nxf3 Bxf3 22. Rf1 e4 23. Bxf4 exd3+ 24. Kd2 Qe2+ 25. Kc3 Ne4+ 26.
Kd4 Bg7+ 27. Be5 Bxe5+ 28. Kxe5 Re8+ 29. Kd4 Nc5 30. Qg5+ Re7 31. Qg8+ Kc7
32. Rac1 Ne6+ 33. Kc3 d2 34. Rcd1 Qe3+ 35. Kb4 Qc5+ 36. Kb3 Nd4+ 37. Ka4
Qa5# {White checkmated} 0-1

[Event "GambitGuide"]
[Site "Internet Chess Club"]
[Date "2014.10.31"]
[Round "1"]
[White "JSBach"]
[Black "diggy10"]
[Result "1-0"]
[ICCResult "Black resigns"]
[WhiteElo "1703"]
[BlackElo "1244"]
[Opening "Vienna: `Frankenstein-Dracula' variation"]
[ECO "C27"]
[NIC "VG.02"]
[Time "17:09:34"]
[TimeControl "120+12"]

1. e4 e5 2. Nc3 Nf6 3. Bc4 Nxe4 4. Qh5 Nd6 5. Bb3 Nc6 6. Nb5 g6 7. Qf3 f5 8.
Qd5 Qe7 9. Nxc7+ Kd8 10. Nxa8 b6 11. d3 Nb4 12. Qf3 Bb7 13. Qg3 f4 14. Qh3
Bxa8 15. c3 Nd5 16. Bd2 Bc6 17. Qg4 Nf5 18. Nf3 Nf6 19. Qh3 d6 20. O-O h6
21. Rae1 g5 22. Qxf5 Bxf3 23. gxf3 Bg7 24. d4 Qd7 25. Be6 Qe7 26. dxe5 Nd7
27. Bxd7 Qxd7 28. Qxd7+ Kxd7 29. e6+ Ke7 30. h4 Be5 31. hxg5 hxg5 32. Re2
Kxe6 33. Rfe1 Kf6 34. Kg2 b5 35. Kg1 a5 36. c4 b4 37. a3 Rb8 38. axb4 axb4
39. b3 Ra8 40. c5 Rd8 41. Bxb4 Kf5 42. c6 Rc8 43. Rc1 d5 44. Be7 Rc7 45. Bd8
Rc8 46. Be7 Rc7 47. Bd8 Rc8 48. Bb6 d4 49. Rc5 Re8 50. Rexe5+ Rxe5 51. Rxe5+
Kxe5 52. c7 d3 53. c8=Q d2 54. Qc3+ Kd5 55. Qxd2+ Kc6 56. Qb4 Kb7 57. Bd8+
Kc6 58. Bxg5 {Black resigns} 1-0

[Event "GambitGuide"]
[Site "Internet Chess Club"]
[Date "2014.10.31"]
[Round "1"]
[White "JSBach"]
[Black "Lucas"]
[Result "1-0"]
[ICCResult "Black checkmated"]
[WhiteElo "1703"]
[BlackElo "2373"]
[Opening "Vienna: `Frankenstein-Dracula' variation"]
[ECO "C27"]
[NIC "VG.02"]
[Time "17:14:50"]
[TimeControl "120+12"]

1. e4 e5 2. Nc3 Nf6 3. Bc4 Nxe4 4. Qh5 Nd6 5. Bb3 Nc6 6. Nb5 g6 7. Qf3 f5 8.
Qd5 Qe7 9. Nxc7+ Kd8 10. Nxa8 b6 11. d3 Bb7 12. Nxb6 axb6 13. Qf3 Nd4 14.
Qh3 g5 15. Be3 g4 16. Qh5 h6 17. Kf1 Ne6 18. Bxb6+ Kc8 19. Ne2 Ng5 20. Re1
e4 21. Nd4 Bg7 22. dxe4 Ndxe4 23. Rd1 Nf6 24. Qg6 Qe4 25. Qxg7 Qxg2+ 26. Ke2
Re8+ 27. Kd3 Nfe4 28. Nb5 Qf3+ 29. Kc4 Qe2+ 30. Kb4 Bc6 31. Na7+ Kb7 32.
Nxc6 Kxb6 33. Qd4+ Kxc6 34. Ba4+ Kb7 35. Qxd7+ Ka6 36. Qc6+ Ka7 37. Rd7+ Kb8
38. Qb7# {Black checkmated} 1-0

[Event "GambitGuide"]
[Site "Internet Chess Club"]
[Date "2014.10.31"]
[Round "1"]
[White "JSBach"]
[Black "luckypawns"]
[Result "0-1"]
[ICCResult "White checkmated"]
[WhiteElo "1722"]
[BlackElo "1815"]
[Opening "Vienna: `Frankenstein-Dracula' variation"]
[ECO "C27"]
[NIC "VG.02"]
[Time "17:15:24"]
[TimeControl "120+12"]

1. e4 e5 2. Nc3 Nf6 3. Bc4 Nxe4 4. Qh5 Nd6 5. Bb3 Nc6 6. Nb5 g6 7. Qf3 f5 8.
Qd5 Qe7 9. Nxc7+ Kd8 10. Nxa8 b6 11. d3 Bb7 12. Nxb6 axb6 13. Qf3 Nd4 14.
Qg3 Bg7 15. Bg5 Bf6 16. Bxf6 Qxf6 17. Ba4 b5 18. Bb3 h5 19. c3 g5 20. cxd4
f4 21. Qh3 g4 22. Rc1 gxh3 23. Nxh3 Bxg2 24. Rg1 Bxh3 25. d5 Re8 26. Bc2 Bf5
27. Kd2 e4 28. Rb1 exd3 29. Bxd3 Bxd3 30. Kxd3 Qf5+ 31. Kd4 Qe4+ 32. Kc5 Kc7
33. Rbc1 Nb7+ 34. Kxb5+ Kb8 35. Rg5 Re5 36. Rxe5 Qxe5 37. Rc2 Qxd5+ 38. Kb4
Qa5+ 39. Kb3 Nc5+ 40. Kc4 d6 41. b4 Qa6+ 42. b5 Qa4+ 43. Kc3 Ne4+ 44. Kd3
Nc5+ 45. Kd2 Qd4+ 46. Kc1 Qa1+ 47. Kd2 Qd4+ 48. Ke1 Ne4 49. a4 Qxa4 50. Rc1
Qxb5 51. f3 Qb4+ 52. Kf1 Nd2+ 53. Ke2 Nc4 54. Rc2 d5 55. h3 Qe7+ 56. Kf2
Qe3+ 57. Kg2 Nd2 58. Rb2+ Kc7 59. Rc2+ Kd6 60. Rxd2 Qxd2+ 61. Kf1 Qd1+ 62.
Kf2 d4 63. Kg2 d3 64. h4 d2 65. Kf2 Qe1+ 66. Kg2 d1=Q 67. Kh3 Qg3#
{White checkmated}
0-1

[Event "GambitGuide"]
[Site "Internet Chess Club"]
[Date "2014.10.31"]
[Round "1"]
[White "JSBach"]
[Black "luckypawns"]
[Result "0-1"]
[ICCResult "White checkmated"]
[WhiteElo "1722"]
[BlackElo "1815"]
[Opening "Vienna: `Frankenstein-Dracula' variation"]
[ECO "C27"]
[NIC "VG.02"]
[Time "17:17:45"]
[TimeControl "120+12"]

1. e4 e5 2. Nc3 Nf6 3. Bc4 Nxe4 4. Qh5 Nd6 5. Bb3 Nc6 6. Nb5 g6 7. Qf3 f5 8.
Qd5 Qe7 9. Nxc7+ Kd8 10. Nxa8 b6 11. d3 Bb7 12. Nxb6 axb6 13. Qf3 Nd4 14.
Qg3 Bg7 15. Bg5 Bf6 16. Bxf6 Qxf6 17. Ba4 b5 18. Bb3 h5 19. c3 g5 20. cxd4
f4 21. Qh3 g4 22. Rc1 gxh3 23. Nxh3 Bxg2 24. Rg1 Bxh3 25. d5 Re8 26. Bc2 Bf5
27. Rd1 e4 28. d4 Nc4 29. b3 Na3 30. Rd2 Nxc2+ 31. Rxc2 e3 32. Rc1 Qxd4 33.
Kf1 Bh3+ 34. Rg2 f3 35. Kg1 Bxg2 36. Rc8+ Kxc8 37. h3 exf2+ 38. Kh2 Qf4#
{White checkmated}
0-1

[Event "GambitGuide"]
[Site "Internet Chess Club"]
[Date "2014.10.31"]
[Round "1"]
[White "JSBach"]
[Black "RichardZ"]
[Result "1-0"]
[ICCResult "Black resigns"]
[WhiteElo "1719"]
[BlackElo "1199"]
[Opening "Vienna: `Frankenstein-Dracula' variation"]
[ECO "C27"]
[NIC "VG.02"]
[Time "17:17:36"]
[TimeControl "120+12"]

1. e4 e5 2. Nc3 Nf6 3. Bc4 Nxe4 4. Qh5 Nd6 5. Bb3 Nc6 6. Nb5 g6 7. Qf3 f5 8.
Qd5 Qe7 9. Nxc7+ Kd8 10. Nxa8 b6 11. d3 Nb4 12. Qf3 Bb7 13. Qg3 f4 14. Qg4
Bxa8 15. Bd2 Ne4 16. dxe4 Nd3+ 17. cxd3 Qb4 18. Bxb4 {Black resigns} 1-0

[Event "GambitGuide"]
[Site "Internet Chess Club"]
[Date "2014.10.31"]
[Round "1"]
[White "JSBach"]
[Black "nsideurheadbro"]
[Result "1-0"]
[ICCResult "Black resigns"]
[WhiteElo "1719"]
[BlackElo "1184"]
[Opening "Vienna: `Frankenstein-Dracula' variation"]
[ECO "C27"]
[NIC "VG.02"]
[Time "17:15:47"]
[TimeControl "120+12"]

1. e4 e5 2. Nc3 Nf6 3. Bc4 Nxe4 4. Qh5 Nd6 5. Bb3 Nc6 6. Nb5 g6 7. Qf3 f5 8.
Qd5 Qe7 9. Nxc7+ Kd8 10. Nxa8 b6 11. d3 Bb7 12. Nxb6 axb6 13. Qf3 Nd4 14.
Qg3 f4 15. Qg4 g5 16. Ba4 h5 17. Qd1 Bxg2 18. c3 Nc6 19. Qb3 Kc7 20. Bxc6
Bxc6 21. f3 g4 22. Ke2 Bg7 23. Bd2 Re8 24. Re1 Qg5 25. Kf2 Qh4+ 26. Ke2 e4
27. dxe4 gxf3+ 28. Nxf3 Rxe4+ 29. Kd3 Bb5+ 30. c4 Bxc4+ 31. Qxc4+ Rxc4 32.
Nxh4 Rd4+ 33. Ke2 Be5 34. Nf3 Re4+ 35. Kd3 {Black resigns} 1-0

[Event "GambitGuide"]
[Site "Internet Chess Club"]
[Date "2014.10.31"]
[Round "1"]
[White "JSBach"]
[Black "RichardZ"]
[Result "1-0"]
[ICCResult "Black resigns"]
[WhiteElo "1719"]
[BlackElo "1199"]
[Opening "Vienna: `Frankenstein-Dracula' variation"]
[ECO "C27"]
[NIC "VG.02"]
[Time "17:19:20"]
[TimeControl "120+12"]

1. e4 e5 2. Nc3 Nf6 3. Bc4 Nxe4 4. Qh5 Nd6 5. Bb3 Nc6 6. Nb5 g6 7. Qf3 f5 8.
Qd5 Qe7 9. Nxc7+ Kd8 10. Nxa8 b6 11. d3 Bb7 12. Nxb6 Nb4 13. Qa5 {Black
resigns} 1-0

[Event "GambitGuide"]
[Site "Internet Chess Club"]
[Date "2014.10.31"]
[Round "1"]
[White "JSBach"]
[Black "babapooja"]
[Result "1-0"]
[ICCResult "Black resigns"]
[WhiteElo "1719"]
[BlackElo "1037"]
[Opening "Vienna: `Frankenstein-Dracula' variation"]
[ECO "C27"]
[NIC "VG.02"]
[Time "17:15:35"]
[TimeControl "120+12"]

1. e4 e5 2. Nc3 Nf6 3. Bc4 Nxe4 4. Qh5 Nd6 5. Bb3 Nc6 6. Nb5 g6 7. Qf3 f5 8.
Qd5 Qe7 9. Nxc7+ Kd8 10. Nxa8 b6 11. d3 Bb7 12. Nxb6 axb6 13. Qf3 Kc7 14.
Bd2 Bg7 15. c3 g5 16. Bd5 g4 17. Qg3 h5 18. h3 f4 19. Qh2 Ba6 20. c4 Nf5 21.
Ne2 Nb4 22. Bxb4 Qxb4+ 23. Kf1 Qxb2 24. Re1 b5 25. cxb5 Qxb5 26. Bc4 Qb6 27.
Rc1 Kd8 28. d4 Bxc4 29. Rxc4 Qb1+ 30. Rc1 Qxa2 31. dxe5 Bxe5 32. Nxf4 Qa6+
33. Kg1 Qd6 34. g3 Rf8 35. Nxh5 Qd4 36. hxg4 Ne3 37. Qh4+ Ke8 38. Rc8+ Kf7
39. Rxf8+ Kxf8 40. Qd8+ Kf7 41. fxe3 Qxe3+ 42. Kh2 Qf2+ 43. Kh3 Ke6 44. Nf4+
Kd6 45. Qb8+ Kc6 46. Rc1+ Qc5 47. Qc8+ Kb6 48. Qxc5+ {Black resigns} 1-0

[Event "GambitGuide"]
[Site "Internet Chess Club"]
[Date "2014.10.31"]
[Round "1"]
[White "JSBach"]
[Black "Logic"]
[Result "0-1"]
[ICCResult "White checkmated"]
[WhiteElo "1719"]
[BlackElo "1400"]
[Opening "Vienna: `Frankenstein-Dracula' variation"]
[ECO "C27"]
[NIC "VG.02"]
[Time "17:17:42"]
[TimeControl "120+12"]

1. e4 e5 2. Nc3 Nf6 3. Bc4 Nxe4 4. Qh5 Nd6 5. Bb3 Nc6 6. Nb5 g6 7. Qf3 f5 8.
Qd5 Qe7 9. Nxc7+ Kd8 10. Nxa8 b6 11. d3 Bb7 12. Nxb6 axb6 13. Qf3 e4 14. Qe3
Bg7 15. Qxb6+ Kc8 16. Ne2 exd3 17. cxd3 Bd4 18. Bg5 Qxg5 19. Nxd4 Re8+ 20.
Kf1 Nxd4 21. f3 Qe3 22. Qc5+ Bc6 23. Qxd6 Qxd3+ 24. Kf2 Re2+ 25. Kg3 Rxg2+
26. Kh3 Qxf3+ 27. Qg3 Rxg3+ 28. hxg3 Qh5# {White checkmated} 0-1

[Event "GambitGuide"]
[Site "Internet Chess Club"]
[Date "2014.10.31"]
[Round "1"]
[White "JSBach"]
[Black "luckypawns"]
[Result "0-1"]
[ICCResult "White checkmated"]
[WhiteElo "1719"]
[BlackElo "1815"]
[Opening "Vienna: `Frankenstein-Dracula' variation"]
[ECO "C27"]
[NIC "VG.02"]
[Time "17:18:49"]
[TimeControl "120+12"]

1. e4 e5 2. Nc3 Nf6 3. Bc4 Nxe4 4. Qh5 Nd6 5. Bb3 Nc6 6. Nb5 g6 7. Qf3 f5 8.
Qd5 Qe7 9. Nxc7+ Kd8 10. Nxa8 b6 11. d3 Bb7 12. Nxb6 axb6 13. Qf3 Nd4 14.
Qg3 Bg7 15. Bg5 Bf6 16. Bxf6 Qxf6 17. Ba4 b5 18. Bb3 h5 19. Ne2 g5 20. Nxd4
f4 21. Ne6+ dxe6 22. Qf3 Bxf3 23. gxf3 g4 24. Ke2 gxf3+ 25. Kxf3 Nf5 26. c3
Nh4+ 27. Ke2 Qf5 28. f3 Qh3 29. Rhf1 Rg8 30. Rf2 Rg2 31. Ke1 Rxf2 32. Kxf2
Qxf3+ 33. Ke1 Qh1+ 34. Kd2 Qxa1 35. Kc2 f3 36. Bxe6 f2 37. Bh3 Qxa2 38. d4
exd4 39. Bf1 dxc3 40. Kxc3 Nf3 41. h3 Nh2 42. Bd3 Qa5+ 43. Kb3 Qa4+ 44. Kc3
f1=Q 45. Bxf1 Nxf1 46. b3 Qh4 47. Kd3 Qxh3+ 48. Kd4 Qg4+ 49. Ke5 h4 50. Kd6
h3 51. Ke5 h2 52. Kd5 h1=Q+ 53. Kc5 Qc8+ 54. Kb4 Qh4+ 55. Ka5 b4 56. Kb5
Qg5+ 57. Kxb4 Qcc5+ 58. Ka4 Qa5# {White checkmated} 0-1